 Dungeon Crawl Stone Soup version 0.30-a0-393-g54b8e3be05 (webtiles) character file.

Game seed: 17491471699719462558

11044 KennySheep the Thaumaturge (level 12, -1/88 HPs)
             Began as a Djinni Cinder Acolyte on Dec 5, 2022.
             Was a High Priest of Ignis.
             Slain by a boulder beetle (8 damage)
             ... on level 2 of the Lair of Beasts.
             The game lasted 00:28:44 (13041 turns).

KennySheep the Thaumaturge (Djinni Cinder Acolyte) Turns: 13041, Time: 00:28:45

Health: -1/88      AC: 14    Str: 13    XL:     12   Next: 2%
Gold:   580        EV: 14    Int: 21    God:    Ignis [*****.] SH:  5 Dex:  9

rFire   + + .      SeeInvis .    a - staff of conjuration
rCold   . . .      Faith    .    g - +0 buckler
rNeg    . . .      Spirit   .    B - +2 steam dragon scales
rPois   ∞          Reflect  .    G - +0 hat
rElec   .          Harm     .    (no cloak)
rCorr   .          Rampage  .    c - +1 pair of gloves
Will    +....                    (boots unavailable)
Stlth   +.........               N - amulet of regeneration
HPRegen 1.14/turn                r - +4 ring of protection
MPRegen 0.00/turn                m - ring of ice

@: flying
A: sickness immunity, fire resistance 2, cold vulnerability 1, float, innate
caster, HP casting, extra vitality 1
a: Renounce Religion, Fiery Armour, Foxfire Swarm, Rising Flame


You were on level 2 of the Lair of Beasts.
You worshipped Ignis.
Ignis was extremely pleased with you.
You visited 2 branches of the dungeon, and saw 13 of its levels.

You collected 580 gold pieces.

Inventory:

Hand Weapons
 b - a +3 scimitar of flaming
Missiles
 C - 2 throwing nets
Armour
 c - a +1 pair of gloves (worn)
 g - a +0 buckler (worn)
 A - a +0 robe
 B - +2 steam dragon scales (worn)
 G - a +0 hat (worn)
Magical Staves
 a - a staff of conjuration (weapon)
Jewellery
 m - a ring of ice (right hand)
 r - a +4 ring of protection (left hand)
 L - a +6 ring of intelligence
 N - an amulet of regeneration (around neck)
 P - a +4 ring of slaying
Wands
 y - a wand of iceblast (5)
 z - a wand of acid (6)
 F - a wand of paralysis (2)
 J - a wand of flame (5)
 M - a wand of mindburst (14)
Scrolls
 d - 3 scrolls of immolation
 h - 2 scrolls of fog
 k - 4 scrolls of poison
 l - 7 scrolls of teleportation
 o - 7 scrolls of identify
 q - a scroll of amnesia
 s - 4 scrolls of fear
 x - 3 scrolls of magic mapping
 D - a scroll of noise {unknown}
 E - 2 scrolls of blinking {unknown}
 H - a scroll of enchant armour
 K - 2 scrolls of enchant weapon {unknown}
Potions
 e - 5 potions of curing
 f - 2 potions of haste
 i - a potion of heal wounds
 j - a potion of lignification
 n - 2 potions of magic {unknown}
 p - 3 potions of invisibility
 t - a potion of resistance {unknown}
 u - 2 potions of might {unknown}
 v - a potion of ambrosia {unknown}
 w - 3 potions of brilliance
 I - a potion of flight {unknown}
 O - a potion of attraction {unknown}


   Skills:
 + Level 8.5 Fighting
 - Level 4.4 Armour
 + Level 8.5 Dodging
 + Level 7.8 Shields
 + Level 3.0 Unarmed Combat
 * Level 9.1 Spellcasting


You had 15 spell levels left.
You knew the following spells:

 Your Spells              Type           Power      Damage    Failure   Level
a - Scorch                Fire           94%        2d10      1%          2
b - Sting                 Tmut/Pois      100%       1d8       1%          1
c - Wereblood             Tmut           47%        N/A       1%          2
d - Momentum Strike       Conj/Tloc      100%       3d10      1%          2
e - Swiftness             Air            47%        N/A       1%          3
f - Manifold Assault      Tloc           47%        N/A       1%          4
Your spell library was empty.

Dungeon Overview and Level Annotations

Branches:
Dungeon (11/15)            Temple (0/1) D:5            Lair (2/5) D:8
  Snake (0/4) Lair:2
  Swamp: Lair:2-3    Shoals: Lair:2-3       Orc: D:9-12

Altars:
Cheibriados
Nemelex Xobeh
Ru
Trog
Uskayaw
Xom
The Shining One

Shops:
D:10 *

Annotations:
D:9 4 runed translucent doors
Lair:2 Amaemon


Innate Abilities, Weirdness & Mutations

You are immune to sickness and miasma.
You are immune to poison.
Your flesh is very heat resistant. (rF++)
You are vulnerable to cold. (rC-)
You float through the air rather than walking.
You learn spells naturally, not from books.
Your magical power is your life essence.
You have superior vitality. (+4 MHP)


Message History

The boulder beetle curls into a ball and begins rolling!
Flames lash the boulder beetle.
The boulder beetle is lightly wounded.
The boulder beetle's fire resistance burns away.
The boulder beetle hits you!!
The boulder beetle stops rolling and uncurls.
Flames lash the boulder beetle.
The boulder beetle is burned terribly!
The boulder beetle is moderately wounded.
The boulder beetle closely misses you.
Flames lash the boulder beetle.
The boulder beetle is burned terribly!
The boulder beetle is moderately wounded.
The boulder beetle bites you!
Flames lash the boulder beetle but do no damage.
The boulder beetle bites you but does no damage.
Flames lash the boulder beetle.
The boulder beetle is burned terribly!
The boulder beetle is heavily wounded.
The boulder beetle bites you but does no damage.
Flames lash the boulder beetle but do no damage.
The boulder beetle closely misses you.
Flames lash the boulder beetle but do no damage.
The boulder beetle bites you!
Flames lash the boulder beetle.
The boulder beetle is burned terribly!
The boulder beetle is heavily wounded.
The boulder beetle bites you!
Flames lash the boulder beetle.
The boulder beetle is burned terribly!
The boulder beetle is severely wounded.
The boulder beetle bites you!
* * * LOW HITPOINT WARNING * * *
Flames lash the boulder beetle but do no damage.
* * * LOW HITPOINT WARNING * * *
The boulder beetle barely misses you.
Flames lash the boulder beetle.
The boulder beetle is burned terribly!
The boulder beetle is almost dead.
* * * LOW HITPOINT WARNING * * *
The boulder beetle bites you!
* * * LOW HITPOINT WARNING * * *
Flames lash the boulder beetle but do no damage.
* * * LOW HITPOINT WARNING * * *
The boulder beetle bites you!
You die...

. #.###.##.. ..#
.####.......# P.#
..#P..#....# #.#
......#....######.#
.....#.#....#..##.##
#....)......#.###..##
.....P#.............#
..#.####>.....PB....#
...## ###....#.@...#..#
....######..............
.......#P###....###......
.......)..##....## ##.P..
..........##.....# ###.
.#.........###...#
.##........##P...##
#.......
..##...P..####....#
#[.P...#
....##PPP.##P#....#
......# .


You could see a boulder beetle (combustible).

Vanquished Creatures
  Erica (D:10)
  A two-headed ogre (D:10)
  A tengu warrior (D:10)
  Sonja (D:10)
  Maurice (D:8)
  2 cane toads (Lair:1)
  Maggie (D:6)
  4 komodo dragons
  A troll (D:7)
  5 blink frogs
  2 wraiths (D:10)
  3 wyverns
  A basilisk (Lair:1)
  A vampire mosquito (D:10)
  3 steam dragons
  2 nagas (Lair:2)
  4 water moccasins
  3 orc warriors
  4 sky beasts
  3 ice beasts
  2 black bears
  An ogre (D:7)
  5 centaurs
  2 wolves
  2 kobold brigands (D:9)
  3 bullfrogs
  A scorpion (D:4)
  3 necrophages
  9 wights
  5 electric eels (D:8)
  2 howler monkeys (D:9)
  4 jellies
  7 hounds
  A gnoll bouda (D:3)
  3 orc priests
  Ijyb (D:5)
  An iguana (D:5)
  9 orc wizards
  Natasha (thrice) (D:4)
  7 gnolls
  7 adders
  A shadow imp (D:6)
  A white imp (D:6)
  3 dart slugs
  39 orcs
  5 endoplasms
  2 giant cockroaches
  8 goblins
  6 hobgoblins
  2 jackals (D:1)
  4 quokkas
  8 ball pythons
  7 bats
  3 frilled lizards
  10 kobolds
  6 rats
  A butterfly (D:5)
228 creatures vanquished.

Vanquished Creatures (others)
  A human (D:4)
  An orc priest (D:9)
  An orc wizard (D:9)
  2 fungi (Lair:2)
  15 plants
20 creatures vanquished.

Grand Total: 248 creatures vanquished

Notes
Turn   | Place    | Note
-------+----------+-------------------------------------------
     0 | D:1      | KennySheep the Djinni Cinder Acolyte began the quest for
                  | the Orb.
     0 | D:1      | KennySheep set off with the following spells memorised:
                  | Scorch.
     0 | D:1      | Reached XP level 1. HP: 20/20 MP: 0/0
   269 | D:1      | Reached XP level 2. HP: 22/25 MP: 0/0
   496 | D:1      | Reached XP level 3. HP: 18/30 MP: 0/0
   496 | D:1      | Learned a level 1 spell: Sting
   700 | D:1      | Reached skill level 1 in Dodging
  1304 | D:2      | Reached skill level 1 in Armour
  1304 | D:2      | Reached XP level 4. HP: 24/35 MP: 0/0
  1491 | D:2      | Reached skill level 3 in Spellcasting
  1850 | D:3      | Reached skill level 1 in Shields
  2542 | D:4      | Reached XP level 5. HP: 29/40 MP: 0/0
  2542 | D:4      | Learned a level 2 spell: Wereblood
  2621 | D:4      | Found a hide-covered altar of Uskayaw.
  2836 | D:4      | Reached XP level 6. HP: 35/47 MP: 0/0
  2997 | D:4      | Noticed a human
  2998 | D:4      | Killed a human
  3111 | D:4      | Noticed Natasha
  3115 | D:4      | Killed Natasha
  3133 | D:4      | Noticed Natasha
  3137 | D:4      | Killed Natasha
  3258 | D:4      | Noticed Natasha
  3277 | D:4      | Reached XP level 7. HP: 34/52 MP: 0/0
  3277 | D:4      | Learned a level 2 spell: Momentum Strike
  3543 | D:4      | Reached skill level 4 in Spellcasting
  3825 | D:4      | Killed Natasha
  3826 | D:4      | Reached XP level 8. HP: 53/58 MP: 0/0
  3870 | D:4      | Found a snail-covered altar of Cheibriados.
  3902 | D:5      | Entered Level 5 of the Dungeon
  4119 | D:5      | Noticed Ijyb
  4126 | D:5      | Killed Ijyb
  4178 | D:5      | Found a staircase to the Ecumenical Temple.
  4414 | D:5      | Reached skill level 5 in Spellcasting
  4416 | D:5      | Reached skill level 5 in Fighting
  4660 | D:5      | Found a sparkling altar of Nemelex Xobeh.
  5106 | D:6      | Reached XP level 9. HP: 61/65 MP: 0/0
  5106 | D:6      | Learned a level 3 spell: Swiftness
  5485 | D:6      | Found a shimmering altar of Xom.
  5487 | D:6      | Noticed Maggie
  5501 | D:6      | Killed Maggie
  5971 | D:7      | Reached skill level 5 in Dodging
  6301 | D:7      | Reached skill level 6 in Spellcasting
  6684 | D:8      | Noticed a troll
  6737 | D:7      | Killed a troll
  6738 | D:7      | Reached skill level 5 in Shields
  6836 | D:8      | Noticed Maurice
  7096 | D:7      | Reached XP level 10. HP: 33/72 MP: 0/0
  8388 | D:8      | Found a sacrificial altar of Ru.
  8603 | D:8      | Found a staircase to the Lair.
  8663 | D:8      | Reached skill level 7 in Spellcasting
  8976 | D:8      | Killed Maurice
  9393 | D:9      | Found a huge runed translucent gate.
  9393 | D:9      | Found a huge runed translucent gate.
  9394 | D:9      | Found a huge runed translucent gate.
  9394 | D:9      | Noticed a manticore
  9865 | D:9      | Found a huge runed translucent gate.
 10129 | D:10     | Entered Level 10 of the Dungeon
 10130 | D:10     | Noticed Sonja
 10134 | D:10     | Killed Sonja
 10174 | D:10     | Found Piexkono's Mayhem Merchandise.
 10455 | D:10     | Noticed Erica
 10461 | D:10     | Killed Erica
 10462 | D:10     | Reached XP level 11. HP: 65/79 MP: 0/0
 10462 | D:10     | Learned a level 4 spell: Manifold Assault
 10647 | D:10     | Found a glowing golden altar of the Shining One.
 10654 | D:10     | Reached skill level 8 in Spellcasting
 10701 | D:10     | Noticed a two-headed ogre
 10709 | D:10     | Killed a two-headed ogre
 10969 | D:10     | Found a bloodstained altar of Trog.
 11039 | D:11     | Noticed a tengu warrior
 11039 | D:11     | Noticed a tengu warrior
 11230 | D:11     | Noticed a two-headed ogre
 11472 | D:10     | Killed a tengu warrior
 11644 | Lair:1   | Entered Level 1 of the Lair of Beasts
 12156 | Lair:1   | Found a glowing golden altar of the Shining One.
 12607 | Lair:2   | Found a staircase to the Snake Pit.
 12681 | Lair:2   | Noticed Amaemon
 12748 | Lair:1   | Reached skill level 9 in Spellcasting
 12793 | Lair:1   | Reached XP level 12. HP: 72/88 MP: 0/0
 13016 | Lair:2   | Noticed a boulder beetle
 13041 | Lair:2   | Slain by a boulder beetle

Illustrated notes

Levels and vault maps discovered:
D:1:      sevenhm_arrival_forest_fort_small_5, layout_basic
D:2:      layout_basic
D:3:      layout_basic
D:4:      minmay_bubble_buster, layout_rooms, lemuel_coloured_pillars_altar,
          tgw_kikubaaqudgha, nicolae_uskayaw_murder_on_the_dancefloor,
          uniq_natasha
D:5:      layout_basic, nemelex_diamond_rough_becter,
          minmay_temple_entry_butterflies, hex_tiny, uniq_ijyb
D:6:      layout_loops_ring, nicolae_overflow_crystal_walls,
          hangedman_decor_opposing, uniq_maggie
D:7:      layout_basic
D:8:      layout_layer_cave, nicolae_ru_awakened_eye, erik_lair_island,
          enter_ossuary_1, uniq_maurice
D:9:      lemuel_bear_cage, layout_basic, hangedman_misty_isle
D:10:     layout_loops_cross, old_standard_altar, mainiacjoe_overflow_catwalk,
          vehumet_altar_wand_db, grunt_decor_fettered, minivault_24,
          minmay_shop_mayhem, uniq_erica, uniq_sonja
D:11:     layout_gridville
Lair:1:   layout_chaotic_city, basic_altar, serial_bayou_pond_b,
          chequers_serial_rivers_micro_b, grunt_megastairs_1
Lair:2:   layout_misc_corridors, guppyfry_snake_entry_garden,
          eino_small_chamber_without_monster, uniq_amaemon

Skill      XL: |  1  2  3  4  5  6  7  8  9 10 11 |
---------------+----------------------------------+-----
Dodging        | 1 2 3 4 5 7 8 |  8.5
Armour         | 1 2 3 4 |  4.4
Spellcasting   | 3 4 5 6 7 9 |  9.1
Shields        | 1 2 3 4 5 6 7 |  7.8
Fighting       | 4 5 6 7 8 |  8.5
Unarmed Combat | |  3.0

Action                   |  1- 3 |  4- 6 |  7- 9 | 10-12 || total
-------------------------+-------+-------+-------+-------++-------
Melee: Unarmed           |    42 |       |       |       ||    42
       Punch             |     1 |       |       |       ||     1
       Staff             |       |       |     1 |     1 ||     2
       Scimitar          |       |       |       |     1 ||     1
 Cast: Scorch            |    38 |    60 |   151 |   254 ||   503
       Momentum Strike   |       |       |     4 |     4 ||     8
       Sting             |       |       |    16 |       ||    16
       Swiftness         |       |       |       |     1 ||     1
       Manifold Assault  |       |       |       |     1 ||     1
  Use: Potion            |       |     3 |     2 |     3 ||     8
       Scroll            |       |     1 |     8 |     2 ||    11
Armor: Robe              |    25 |     6 |    26 |       ||    57
       Steam dragon scal |       |       |    19 |    60 ||    79
Dodge: Dodged            |    42 |    13 |    48 |   116 ||   219
Block: Buckler           |     4 |     4 |    27 |    31 ||    66

Table legend: (Time is in decaauts)
 A = Elapsed time spent in this place.
 B = Non-inter-level travel time spent in this place.
 C = Inter-level travel time spent in this place.
 D = Time resting spent in this place.
 E = Time spent auto-exploring this place.
 F = Levels seen in this place.
 G = Mean time per level.
                   A        B        C        D        E       F      G
               +--------+--------+--------+--------+--------+-----+--------+
         Total |  13049 |  12232 |    817 |   2501 |   8215 |  13 | 1003.8 |
       Dungeon |  11803 |  11035 |    768 |   2267 |   7467 |  11 | 1073.0 |
          Lair |   1246 |   1197 |     49 |    234 |    748 |   2 |  623.0 |
               +--------+--------+--------+--------+--------+-----+--------+

Top non-repeatable levels by time:
     D:8: 1879 daAuts
     D:7: 1667 daAuts
    D:10: 1575 daAuts
     D:4: 1331 daAuts
     D:1: 1147 daAuts
  Lair:1: 1026 daAuts
     D:3: 968 daAuts
     D:9: 962 daAuts
     D:5: 934 daAuts
     D:6: 795 daAuts
     D:2: 533 daAuts
  Lair:2: 219 daAuts
    D:11: 10 daAuts
